 Dungeon Crawl Stone Soup version 0.26.1-11-gd32895ea62 (webtiles) character file.

Game seed: 2516307381685998664

18022 protoss039 the Eclecticist (level 12, -7/66 HPs)
             Began as a Deep Elf Earth Elementalist on July 10, 2021.
             Was an Elder of Sif Muna.
             Killed from afar by Azrael (31 damage)
             ... with damnation
             ... on level 13 of the Dungeon.
             The game lasted 00:42:51 (16714 turns).

protoss039 the Eclecticist (DEEE)                  Turns: 16714, Time: 00:42:52

Health: -7/66      AC:  5    Str:  5    XL:     12   Next: 24%
Magic:  19/43      EV: 13    Int: 26    God:    Sif Muna [****..]
Gold:   846        SH:  0    Dex: 15    Spells: 28/43 levels left

rFire    + . .     SeeInvis .   I - +2 whip of Disarray {vorpal, rF+ rN+}
rCold    . . .     Faith    .   (no shield)
rNeg     + . .     Spirit   .   c - +0 robe
rPois    .         Reflect  .   m - +0 helmet
rElec    .         Harm     .   q - +0 cloak {Stlth+}
rCorr    .         Rampage  .   (no gloves)
Will     ++...                  H - +0 pair of boots
Stlth    ++........             T - amulet of regeneration
HPRegen  0.61/turn              e - ring of willpower
MPRegen  0.28/turn              A - ring of magical power

@: no status effects
A: no striking features
a: Renounce Religion, Channel Magic, Forget Spell, Divine Exegesis


You were on level 13 of the Dungeon.
You worshipped Sif Muna.
Sif Muna was greatly pleased with you.
You visited 2 branches of the dungeon, and saw 14 of its levels.
You also visited: Sewer and Ossuary.

You collected 846 gold pieces.

Inventory:

Hand Weapons
 I - the +2 whip of Disarray (weapon) {vorpal, rF+ rN+}
   (You found it on level 6 of the Dungeon)

   It inflicts extra damage upon your enemies.
   It protects you from fire.
   It protects you from negative energy.
 U - a +2 dagger of venom
Missiles
 w - 130 stones
Armour
 c - a +0 robe (worn)
 m - a +0 helmet (worn)
 q - a +0 cloak of stealth (worn)
 H - a +0 pair of boots (worn)
 J - a +2 buckler
Jewellery
 b - an uncursed ring of protection from cold
 e - a ring of willpower (left hand)
 A - a ring of magical power (right hand)
 E - an uncursed ring of willpower
 T - an amulet of regeneration (around neck)
Wands
 k - a wand of paralysis (22)
 y - a wand of iceblast (5)
 C - a wand of flame (45)
 P - a wand of enslavement (5)
 R - a wand of digging (6)
Scrolls
 a - a scroll of identify
 g - 8 scrolls of teleportation
 j - 4 scrolls of enchant weapon
 l - a scroll of fear {unknown}
 n - 3 scrolls of immolation {unknown}
 r - 6 scrolls of remove curse {unknown}
 u - 2 scrolls of amnesia {unknown}
 v - 2 scrolls of enchant armour {unknown}
 x - 2 scrolls of noise {unknown}
 B - 3 scrolls of blinking
 G - a scroll of magic mapping {unknown}
 M - a scroll of brand weapon {unknown}
 Q - a scroll of summoning {unknown}
 S - a scroll of fog {unknown}
Potions
 d - 3 potions of invisibility
 f - a potion of experience {unknown}
 i - 5 potions of curing
 o - 2 potions of degeneration {unknown}
 p - 7 potions of flight
 s - a potion of might {unknown}
 t - 3 potions of magic
 z - 5 potions of brilliance
 D - 4 potions of haste
 F - 2 potions of lignification {unknown}
 K - 2 potions of resistance {unknown}
 N - 2 potions of mutation {unknown}
 O - 2 potions of cancellation {unknown}


   Skills:
 - Level 4.0 Fighting
 - Level 1.0 Short Blades
 + Level 0.1(0.2) Polearms
 + Level 0.2(0.3) Staves
 + Level 0.6(0.7) Slings
 + Level 0.6 Bows
 + Level 0.7 Crossbows
 + Level 0.3(0.7) Throwing
 - Level 2.5 Dodging
 - Level 2.5 Stealth
 * Level 3.0 Shields
 - Level 16.0 Spellcasting
 - Level 2.0 Conjurations
 + Level 0.4 Hexes
 + Level 0.4 Summonings
 + Level 0.2 Necromancy
 + Level 0.8 Translocations
 - Level 2.0 Transmutations
 + Level 0.1 Fire Magic
 + Level 0.2 Ice Magic
 + Level 0.5 Air Magic
 - Level 13.1 Earth Magic
 + Level 0.1 Poison Magic
 - Level 7.2 Invocations


You had 28 spell levels left.
You knew the following spells:

 Your Spells              Type           Power        Failure   Level
a - Sandblast             Erth           100%         0%          1
b - Passwall              Tmut/Erth      47%          1%          2
c - Stone Arrow           Conj/Erth      100%         1%          3
d - Petrify               Tmut/Erth      57%          1%          4
e - Lee's Rapid Deconstr  Erth           36%          1%          5

Your spell library contained the following spells:

 Spells                   Type           Power        Failure   Level
 Beastly Appendage        Tmut           62%          1%          1
 Magic Dart               Conj           100%         1%          1
 Searing Ray              Conj           62%          1%          2
 Wereblood                Tmut           31%          1%          2
 Summon Small Mammal      Summ           88%          2%          1
 Call Imp                 Summ           22%          3%          2
 Dazzling Flash           Conj/Hex       54%          4%          3
 Spider Form              Tmut/Pois      13%          4%          3
 Call Canine Familiar     Summ           22%          6%          3
 Summon Guardian Golem    Hex/Summ       22%          6%          3
 Iskenderun's Mystic Bla  Conj/Tloc      28%          14%         4
 Fulminant Prism          Conj/Hex       13%          16%         4
 Ice Form                 Ice/Tmut       26%          16%         4
 Summon Lightning Spire   Summ/Air       23%          21%         4
 Summon Ice Beast         Ice/Summ       22%          22%         4
 Blade Hands              Tmut           15%          30%         5
 Summon Forest            Summ/Tloc      11%          47%         5
 Silence                  Hex/Air        11%          50%         5
 Summon Mana Viper        Hex/Summ       22%          50%         5
 Summon Demon             Summ           11%          52%         5
 Conjure Ball Lightning   Conj/Air       13%          92%         6
 Shadow Creatures         Summ           N/A          97%         6
 Summon Hydra             Summ           11%          100%        7
 Tornado                  Air            11%          100%        9


Dungeon Overview and Level Annotations

Branches:
Dungeon (13/15)            Temple (1/1) D:7            Lair (0/6) D:8
    Orc (0/2) D:11          Sewer (visited)         Ossuary (visited)
 Vaults: D:13-14

Altars:
Cheibriados
Dithmenos
Elyvilon
Fedhas
Hepliaklqana
Kikubaaqudgha
Nemelex Xobeh
Okawaru
Ru
Sif Muna
Uskayaw
Wu Jian
Xom
Yredelemnul
Zin
The Shining One

Shops:
D:6 (

Annotations:
D:11 3 runed translucent doors, PaladinM's ghost, novice DgWr
D:13 Azrael


Message History

Confirm with . or Enter, or press ? or * to list all spells.
Aiming: Lee's Rapid Deconstruction (dangerous; 1% risk of failure)
Press: ? - help, Dir - move target, f/p - hell hound Fragment what (e.g. wall or brittle monster)?: a hell hound (severely wounded, petrified)
The hell hound shatters!!!
You blow up the hell hound!
Sif Muna accepts your kill.
The blast of petrified fragments hits the fire elemental!!
You destroy the fire elemental!
Sif Muna accepts your kill.
The blast of petrified fragments hits Azrael!!!
Azrael is heavily wounded.
The blast of petrified fragments hits the hell hound!
You kill the hell hound!
Sif Muna accepts your kill.
The blast of petrified fragments hits the hell hound!
The hell hound is almost dead.
Azrael gestures at you.
The sphere of damnation explodes!
The damnation engulfs you!!
You die...

#..# ..... #..# ..
#..# #..# . #..# ..
#..##############...
#..................
#..........°°......
#........@.hRh#####
#..#########..# #..#
#°.# #..# #R○# #..#
#.°# #..# #..# #..#
.... ....


You could see Azrael and 2 hell hounds.

Vanquished Creatures
  Josephine (D:10)
  2 hydras
  Harold (D:8)
  A two-headed ogre (D:12)
  2 unseen horrors
  A cyclops (D:11)
  A manticore (D:12)
  A deep elf mage (D:12)
  Maurice (D:9)
  2 gargoyles (D:12)
  A centaur skeleton (D:10)
  2 kobold demonologists (D:12)
  An efreet (D:12)
  3 trolls
  Grinder (D:5)
  6 slime creatures (D:12)
  A shadow (D:12)
  A centaur simulacrum (D:12)
  2 wyverns
  4 wraiths
  6 humans (D:8)
  A yak (D:8)
  3 fire elementals (D:13)
  2 acid dragons (D:12)
  2 hell hounds (D:13)
  2 soldier ants
  4 ice beasts
  A phantom (D:8)
  3 orc warriors
  4 black bears
  2 necrophages
  3 sky beasts
  An ogre (D:12)
  4 centaurs
  2 big kobolds (D:12)
  An elf zombie (Ossuary)
  9 bullfrogs
  A wyvern skeleton (D:10)
  A water moccasin skeleton (D:8)
  2 scorpions
  9 killer bees
  14 wights
  A howler monkey (D:12)
  4 centaur zombies
  4 hounds
  Crazy Yiuf (D:6)
  A human zombie (Ossuary)
  2 jellies (D:10)
  A gnoll shaman (D:4)
  4 orc priests
  2 bullfrog skeletons
  3 orc wizards
  4 iguanas
  A merfolk siren (Sewer)
  3 worker ants
  A merfolk avatar (Sewer)
  2 big kobold zombies (Ossuary)
  A hound zombie (D:8)
  A hound skeleton (D:5)
  2 mummies (Ossuary)
  Robin (D:2)
  4 gnolls (D:4)
  17 adders
  2 river rats (Sewer)
  2 shadow imps
  A white imp (D:5)
  An ufetubus (D:10)
  2 oozes
  An adder zombie (Ossuary)
  3 worms
  4 dart slugs
  7 leopard geckos
  23 orcs
  5 ball pythons (Sewer)
  10 bats
  8 giant cockroaches
  24 goblins
  7 hobgoblins
  14 jackals
  2 quokkas
  5 frilled lizards
  A goblin zombie (Ossuary)
  7 hobgoblin zombies (Ossuary)
  3 jackal zombies (Ossuary)
  12 kobolds
  9 kobold zombies (Ossuary)
  2 leopard gecko skeletons
  A leopard gecko zombie (D:6)
  9 orc zombies (Ossuary)
  A quokka zombie (D:5)
  22 rats
360 creatures vanquished.

Vanquished Creatures (others)
  An electric eel (D:12)
  46 plants (D:12)
47 creatures vanquished.

Grand Total: 407 creatures vanquished

Notes
Turn   | Place    | Note
-------+----------+-------------------------------------------
     0 | D:1      | protoss039 the Deep Elf Earth Elementalist began the quest
                  | for the Orb.
     0 | D:1      | Reached XP level 1. HP: 10/10 MP: 6/6
   205 | D:1      | Reached XP level 2. HP: 15/15 MP: 6/8
   652 | D:1      | Reached XP level 3. HP: 19/19 MP: 8/10
   928 | D:1      | Learned a level 2 spell: Passwall
   932 | D:1      | Learned a level 3 spell: Stone Arrow
   989 | D:2      | Reached skill level 1 in Short Blades
  1160 | D:2      | Noticed Robin
  1164 | D:2      | Killed Robin
  1554 | D:2      | Reached skill level 4 in Spellcasting
  1700 | D:2      | Reached XP level 4. HP: 22/24 MP: 4/12
  2241 | D:2      | Found a snail-covered altar of Cheibriados.
  2698 | D:2      | Learned a level 4 spell: Petrify
  3314 | D:3      | Found a sparkling altar of Nemelex Xobeh.
  3338 | D:3      | Reached XP level 5. HP: 28/28 MP: 8/13
  3438 | D:3      | Found a glowing drain.
  3448 | Sewer    | Entered a sewer
  3604 | Sewer    | Reached skill level 5 in Spellcasting
  3607 | Sewer    | Reached skill level 5 in Earth Magic
  4367 | D:3      | Learned a level 5 spell: Lee's Rapid Deconstruction
  4419 | D:4      | Reached XP level 6. HP: 26/32 MP: 9/16
  4430 | D:4      | Reached skill level 6 in Spellcasting
  4782 | D:4      | Found a sacrificial altar of Ru.
  5357 | D:5      | Entered Level 5 of the Dungeon
  5383 | D:5      | Noticed a sky beast
  5388 | D:5      | Killed a sky beast
  5389 | D:5      | Reached skill level 1 in Conjurations
  5553 | D:5      | Reached XP level 7. HP: 36/36 MP: 19/19
  5591 | D:5      | Noticed Grinder
  5596 | D:5      | Killed Grinder
  5597 | D:5      | Reached skill level 7 in Spellcasting
  6485 | D:6      | Reached skill level 8 in Spellcasting
  6568 | D:6      | Reached XP level 8. HP: 16/41 MP: 5/22
  6808 | D:6      | Found a runed translucent door.
  6809 | D:6      | Noticed Crazy Yiuf
  6993 | D:6      | Got a jewelled whip
  7028 | D:6      | Identified the +2 whip of Disarray {vorpal, rF+ rN+} (You
                  | found it on level 6 of the Dungeon)
  7097 | D:6      | Reached skill level 9 in Spellcasting
  7255 | D:6      | Found Xeeh's Weapon Shop.
  7469 | D:6      | Killed Crazy Yiuf
  7577 | D:7      | Reached skill level 10 in Spellcasting
  7705 | D:7      | Found a staircase to the Ecumenical Temple.
  7731 | Temple   | Entered the Ecumenical Temple
  7760 | Temple   | Became a worshipper of Sif Muna the Loreminder
  7811 | D:7      | Found a hide-covered altar of Uskayaw.
  7927 | D:7      | Found a sacrificial altar of Ru.
  7930 | D:7      | Found an ancient bone altar of Kikubaaqudgha.
  8215 | D:7      | Found a sand-covered staircase.
  8220 | Ossuary  | Entered an ossuary
  8423 | Ossuary  | Reached * piety under Sif Muna
  8666 | Ossuary  | Reached XP level 9. HP: 45/45 MP: 23/25
  8682 | Ossuary  | Reached skill level 11 in Spellcasting
  8840 | Ossuary  | Reached skill level 1 in Invocations
  8843 | Ossuary  | Reached ** piety under Sif Muna
  9335 | D:8      | Reached skill level 1 in Fighting
  9447 | D:8      | Reached skill level 10 in Earth Magic
  9747 | D:8      | Noticed Harold
  9752 | D:8      | Killed Harold
  9753 | D:8      | Reached skill level 12 in Spellcasting
  9889 | D:8      | Found a staircase to the Lair.
  9900 | D:8      | Reached XP level 10. HP: 53/53 MP: 20/28
 10060 | D:8      | Found a glowing silver altar of Zin.
 10565 | D:8      | Reached skill level 13 in Spellcasting
 10950 | D:9      | Noticed Maurice
 10960 | D:9      | Killed Maurice
 11770 | D:10     | Entered Level 10 of the Dungeon
 11773 | D:10     | Reached skill level 5 in Invocations
 11985 | D:10     | Noticed Josephine
 11990 | D:10     | Killed Josephine
 11991 | D:10     | Reached skill level 14 in Spellcasting
 12421 | D:10     | Reached XP level 11. HP: 59/59 MP: 22/31
 12422 | D:10     | Reached *** piety under Sif Muna
 13197 | D:11     | Noticed an eight-headed hydra
 13214 | D:11     | Killed an eight-headed hydra
 13467 | D:11     | Found a runed translucent gate.
 13467 | D:11     | Found a runed translucent gate.
 13468 | D:11     | Found a runed translucent gate.
 13478 | D:11     | Noticed a brown ugly thing
 13486 | D:11     | Noticed PaladinM's ghost (novice DgWr)
 13489 | D:11     | Noticed a yaktaur captain
 13538 | D:11     | Found a staircase to the Orcish Mines.
 13930 | D:11     | Killed an unseen horror
 14281 | D:12     | Noticed a deep elf mage
 14286 | D:12     | Killed a deep elf mage
 14287 | D:12     | Reached skill level 15 in Spellcasting
 14290 | D:12     | Noticed a seven-headed hydra
 14380 | D:12     | Noticed a two-headed ogre
 14390 | D:12     | Killed a two-headed ogre
 14896 | D:12     | Killed an unseen horror
 15201 | D:12     | Noticed a boulder beetle
 15342 | D:12     | Identified the +1 chain mail "Gilidd" {-Tele rCorr SInv
                  | Stlth+}
 15343 | D:12     | Reached **** piety under Sif Muna
 15467 | D:12     | Noticed a fire giant
 15683 | D:12     | Killed a seven-headed hydra
 15684 | D:12     | Reached XP level 12. HP: 66/66 MP: 15/33
 15800 | D:12     | Reached skill level 16 in Spellcasting
 15805 | D:12     | Reached skill level 1 in Shields
 16703 | D:13     | Noticed Azrael
 16714 | D:13     | Killed from afar by Azrael

Illustrated notes

Levels and vault maps discovered:
D:1:      dpeg_arrival_boxes_within_box, layout_loops_ring
D:2:      layout_basic, nicolae_overflow_hidden_temple, minmay_surrounded,
          uniq_robin
D:3:      layout_rooms, nemelex_altar_shiori, portal_sewer_entry_d,
          minivault_26, grunt_ministairs_4
D:4:      layout_basic, nicolae_ru_sacrificial_ziggurat
D:5:      layout_loops_ring, kennysheep_donut, uniq_grinder
D:6:      layout_cave_pools, serial_shops, shop, due_unseen_surprise,
          uniq_crazy_yiuf_cottage
D:7:      layout_basic, kennysheep_little_box, minitemple, temple_pool_b,
          enter_ossuary_5
D:8:      layout_gridville, lemuel_coloured_pillars_altar, david_lair_generic,
          minmay_ruffians, uniq_harold
D:9:      layout_layer_cave, uniq_maurice
D:10:     layout_rooms, corexii_checkpoint_a, roderic_batcave, hive_lemuel,
          uniq_josephine
D:11:     layout_basic, orc_0_dummy, gammafunk_ghost_split,
          amcnicky_mini_corridor_feature
D:12:     nzn_winding_woodlands_cross [nzn_winding_woodlands_5x15_split_checker,
          nzn_winding_woodlands_5x15_garden, nzn_winding_woodlands_5x15_pockets,
          nzn_winding_woodlands_5x15_river_crossing,
          nzn_winding_woodlands_15x15_five_gardens], layout_irregular_city
D:13:     layout_long_grid, grunt_vaults_entry_tiered, uniq_azrael
Temple:   eino_temple_rhombus

Skill      XL: |  1  2  3  4  5  6  7  8  9 10 11 12 |
---------------+-------------------------------------+-----
Short Blades   | 1 |  1.0
Earth Magic    | 4 5 6 7 9 10 11 13 | 13.1
Spellcasting   | 4 5 6 8 10 12 14 15 16 | 16.0
Transmutations | 2 |  2.0
Conjurations   | 1 2 |  2.0
Invocations    | 3 5 7 |  7.2
Fighting       | 2 4 |  4.0
Shields        | 3 |  3.0
Polearms       | |  0.1
Staves         | |  0.2
Slings         | |  0.6
Bows           | |  0.6
Crossbows      | |  0.7
Throwing       | |  0.3
Dodging        | |  2.5
Stealth        | |  2.5
Hexes          | |  0.4
Summonings     | |  0.4
Necromancy     | |  0.2
Translocations | |  0.8
Fire Magic     | |  0.1
Ice Magic      | |  0.2
Air Magic      | |  0.5
Poison Magic   | |  0.1

Action                   |  1- 3 |  4- 6 |  7- 9 | 10-12 || total
-------------------------+-------+-------+-------+-------++-------
Melee: Dagger            |     3 |    60 |     1 |       ||    64
       Whip              |       |       |    71 |     1 ||    72
 Cast: Sandblast         |    56 |    80 |    89 |    49 ||   274
       Stone Arrow       |     1 |    23 |    69 |   142 ||   235
       Lee's Rapid Decon |       |     1 |    13 |    78 ||    92
       Passwall          |       |       |     4 |       ||     4
       Petrify           |       |       |     4 |    15 ||    19
Invok: Channel Magic     |       |       |       |     2 ||     2
  Use: Potion            |       |     1 |       |     2 ||     3
       Scroll            |       |     3 |     2 |     6 ||    11
 Stab: Sleeping          |       |     5 |     1 |       ||     6
Armor: Robe              |     3 |    26 |    22 |    17 ||    68
Dodge: Dodged            |    19 |    60 |    73 |    55 ||   207
